 Dungeon Crawl Stone Soup version 0.28.0-53-g5a82cb258f (webtiles) character file.

Game seed: 12613852506771466313

2817 safid the Severer (level 9, -1/72 HPs)
             Began as a Hill Orc Fighter on Aug 3, 2022.
             Was an Initiate of Beogh.
             Hit by a large rock thrown by a cyclops (36 damage)
             ... on level 7 of the Dungeon.
             The game lasted 00:08:41 (5285 turns).

safid the Severer (Hill Orc Fighter)                Turns: 5285, Time: 00:08:41

Health: -1/72      AC: 10    Str: 23    XL:     9   Next: 72%
Magic:  9/9        EV:  9    Int:  8    God:    Beogh [......]
Gold:   301        SH:  4    Dex: 10    Spells: 8/8 levels left

rFire   . . .      SeeInvis .   a - +0 war axe
rCold   + . .      Faith    .   c - +0 buckler
rNeg    . . .      Spirit   .   b - +0 scale mail
rPois   .          Reflect  .   f - +0 helmet
rElec   .          Harm     .   n - +0 cloak
rCorr   .          Rampage  .   (no gloves)
Will    .....                   q - +0 pair of boots
Stlth   ..........              g - amulet of regeneration
HPRegen 1.02/turn               e - ring of protection from cold
MPRegen 0.11/turn               (no ring)

@: no status effects
A: no striking features
a: Renounce Religion


You were on level 7 of the Dungeon.
You worshipped Beogh.
Beogh was noncommittal.
You visited 1 branch of the dungeon, and saw 7 of its levels.

You collected 301 gold pieces.

Inventory:

Hand Weapons
 a - a +0 war axe (weapon)
Missiles
 h - 5 boomerangs (quivered)
 x - 5 javelins
Armour
 b - a +0 scale mail (worn)
 c - a +0 buckler (worn)
 f - a +0 helmet (worn)
 n - a +0 cloak (worn)
 q - a +0 pair of boots (worn)
Jewellery
 e - a ring of protection from cold (left hand)
 g - an amulet of regeneration (around neck)
 o - a ring of ice
 z - a +6 ring of dexterity
Wands
 d - a wand of flame (18)
 t - a wand of polymorph (7)
 A - a wand of iceblast (18)
 B - a wand of acid (8)
Scrolls
 i - a scroll of enchant armour
 j - 3 scrolls of teleportation
 p - a scroll of amnesia {unknown}
 v - a scroll of torment {unknown}
 y - a scroll of immolation {unknown}
 D - a scroll of blinking {unknown}
 F - a scroll of noise {unknown}
 G - a scroll of brand weapon {unknown}
Potions
 k - a potion of invisibility {unknown}
 m - 3 potions of flight
 r - 2 potions of heal wounds
 s - a potion of lignification {unknown}
 u - a potion of brilliance {unknown}
 w - a potion of cancellation {unknown}
 C - a potion of curing {unknown}
 E - a potion of degeneration {unknown}


   Skills:
 + Level 4.4 Fighting
 - Level 16.0 Axes
 + Level 4.1 Armour
 + Level 0.4 Dodging
 - Level 4.0 Shields
 + Level 1.0 Invocations


You had 8 spell levels left.
You didn't know any spells.
Your spell library contained the following spells:

 Spells                   Type           Power      Damage    Failure   Level
 Animate Skeleton         Necr           0%         N/A       80%         1
 Apportation              Tloc           0%         N/A       80%         1
 Summon Small Mammal      Summ           0%         N/A       80%         1
 Static Discharge         Conj/Air       0%         N/A       91%         2
 Inner Flame              Hex/Fire       0%         N/A       99%         3
 Cause Fear               Hex            0%         N/A       100%        4
 Dispel Undead            Necr           0%         3d6       100%        4
 Sticky Flame             Conj/Fire      0%         2d3       100%        4
 Irradiate                Conj/Tmut      0%         3d13      100%        5
 Manifold Assault         Tloc           0%         N/A       100%        5
 Discord                  Hex            0%         N/A       100%        8


Dungeon Overview and Level Annotations

Branches:
Dungeon (7/15)             Temple (0/1) D:4

Altars:
Elyvilon
Gozag
Okawaru
Vehumet
Wu Jian
Zin
The Shining One

Shops:
D:7 [


Message History

m - 3 potions of flight
As you read the scroll of identify, it crumbles to dust.
r - 2 potions of heal wounds
As you read the scroll of identify, it crumbles to dust.
i - a scroll of enchant armour You climb downwards.
There is a stone staircase leading up here.
Things that are here:
+0 steam dragon scales; a +2 morningstar of draining
Found 17 stones.
You see here 17 stones.
A cyclops comes into view.
Found a scroll labelled YKEWAA ROALUM.
The cyclops shouts!
A cyclops is nearby!
The cyclops throws a large rock.
The large rock hits you! The cyclops misses you.
You completely miss the cyclops. You hit the cyclops but do no damage.
The cyclops hits you!
You barely miss the cyclops. You hit the cyclops but do no damage.
The cyclops hits you!!
You are too injured to fight recklessly!
You are too injured to fight recklessly!
You are too injured to fight recklessly!
You are too injured to fight recklessly!
You are too injured to fight recklessly!
You are too injured to fight recklessly!
You are too injured to fight recklessly!
You are too injured to fight recklessly!
You are too injured to fight recklessly!
You are too injured to fight recklessly!
You are too injured to fight recklessly!
You are too injured to fight recklessly!
You are too injured to fight recklessly!
You are too injured to fight recklessly!
You are too injured to fight recklessly!
You see here 17 stones.
The cyclops throws a large rock.
The large rock hits you!!!
Ouch! That really hurt!
You die...

#.....#..###....†...<..#
#...#...#..(#
#...........# #..
#####...###...........#
# #....###....#.....#
.##..[...<........# .#
#.#######.∩.#...# ## #.#
#.......# #.# #.#.....#
#@# #....(..# #. #.#
##......# #.### ##(#
######## ##?.C##..#
#.....#C## ...#...#..#
#####.## #.# .##


You could see a cyclops.

Vanquished Creatures
  Maggie (D:7)
  4 humans (D:6)
  Menkaure (D:5)
  An acid dragon (D:6)
  A water moccasin (D:7)
  A black bear (D:5)
  3 ogres
  A sky beast (D:5)
  A phantom (D:6)
  2 bullfrogs (D:7)
  3 scorpions
  A wyvern zombie (D:6)
  A howler monkey (D:6)
  4 hounds
  A bullfrog zombie (D:5)
  2 centaur skeletons
  2 jellies
  3 bullfrog skeletons
  Natasha (thrice) (D:3)
  2 iguanas
  5 orc wizards
  A howler monkey zombie (D:5)
  5 adders
  3 gnolls
  A howler monkey skeleton (D:6)
  An ufetubus (D:7)
  A worm (D:4)
  7 orcs
  A ball python (D:4)
  2 bats (D:1)
  7 endoplasms
  A giant cockroach (D:1)
  5 hobgoblins
  4 jackals (D:3)
  4 quokkas
  A frilled lizard (D:1)
  5 goblins
  5 kobolds
  A quokka skeleton (D:2)
  4 rats
102 creatures vanquished.

Vanquished Creatures (others)
  A fungus (D:1)
  3 plants (D:1)
4 creatures vanquished.

Grand Total: 106 creatures vanquished

Notes
Turn   | Place    | Note
-------+----------+-------------------------------------------
     0 | D:1      | safid the Hill Orc Fighter began the quest for the Orb.
     0 | D:1      | Reached XP level 1. HP: 19/19 MP: 1/1
   236 | D:1      | Found a faded altar of an unknown god.
   436 | D:1      | Reached XP level 2. HP: 27/27 MP: 2/2
   523 | D:1      | Reached skill level 3 in Axes
  1081 | D:2      | Reached XP level 3. HP: 33/33 MP: 3/3
  1119 | D:2      | Reached XP level 4. HP: 40/40 MP: 4/4
  1490 | D:3      | Reached skill level 4 in Axes
  1875 | D:3      | Found a white marble altar of Elyvilon.
  1920 | D:3      | Noticed Natasha
  1931 | D:3      | Killed Natasha
  2022 | D:3      | Noticed Natasha
  2035 | D:3      | Killed Natasha
  2036 | D:3      | Reached skill level 5 in Axes
  2036 | D:3      | Reached XP level 5. HP: 25/46 MP: 5/5
  2094 | D:3      | Noticed Natasha
  2115 | D:3      | Killed Natasha
  2249 | D:3      | Reached skill level 6 in Axes
  2508 | D:4      | Noticed an ogre
  2516 | D:4      | Killed an ogre
  2517 | D:4      | Reached skill level 7 in Axes
  2517 | D:4      | Reached XP level 6. HP: 28/52 MP: 6/6
  2690 | D:4      | Found a staircase to the Ecumenical Temple.
  2776 | D:4      | Reached skill level 8 in Axes
  2778 | D:4      | Reached XP level 7. HP: 57/59 MP: 7/7
  2940 | D:4      | Found a radiant altar of Vehumet.
  3122 | D:5      | Entered Level 5 of the Dungeon
  3235 | D:5      | Reached skill level 9 in Axes
  3296 | D:5      | Found an opulent altar of Gozag.
  3298 | D:5      | Noticed Menkaure
  3330 | D:5      | Killed Menkaure
  3398 | D:5      | Reached skill level 10 in Axes
  3522 | D:5      | Reached skill level 11 in Axes
  3522 | D:5      | Reached XP level 8. HP: 56/66 MP: 8/8
  3650 | D:5      | Found a glowing golden altar of the Shining One.
  3756 | D:5      | Reached skill level 12 in Axes
  4234 | D:6      | Found an iron altar of Okawaru.
  4371 | D:6      | Reached skill level 13 in Axes
  4536 | D:6      | Reached skill level 14 in Axes
  4536 | D:6      | Reached XP level 9. HP: 66/71 MP: 9/9
  4644 | D:6      | Became a worshipper of Beogh the Brigand
  4697 | D:6      | Found a glowing silver altar of Zin.
  4717 | D:6      | Found an ornate altar of the Wu Jian Council.
  4763 | D:6      | Reached skill level 15 in Axes
  4764 | D:6      | Got the Papyrus of the Compass and Moulding
  5033 | D:7      | Found Dauhaikk's Antique Armour Emporium.
  5054 | D:7      | Noticed Maggie
  5073 | D:7      | Killed Maggie
  5074 | D:7      | Reached skill level 16 in Axes
  5202 | D:7      | Reached skill level 1 in Invocations
  5273 | D:7      | Noticed a cyclops
  5285 | D:7      | Hit by a large rock thrown by a cyclops

Illustrated notes

Levels and vault maps discovered:
D:1:      heliophobic_arrival_glass_houses, layout_basic,
          shapermc_ecumenical_altar_mp_urbaneastern
D:2:      layout_basic, chequers_arboretum
D:3:      layout_loops_ring, kennysheep_flooded_box, minmay_puff, uniq_natasha
D:4:      layout_cave_pools, vehumet_crystals, minmay_temple_entry_mist,
          chequers_serial_rivers_large_b
D:5:      layout_loops_ring, mainiacjoe_overflow_concentric_impassable,
          general_overflow_altar, minmay_liquid_box, uniq_menkaure
D:6:      layout_basic, marbit_many_paths, mainiacjoe_overflow_alcove_1,
          pdpol_wu_jian_five_deadly_venoms, minmay_ruffians
D:7:      nicolae_cairo_tiling, layout_rooms, lemuel_coloured_pillars_altar,
          nicolae_elyvilon_peaceful_grove, serial_shops, nicolae_shop_stone,
          uniq_maggie, uniq_prince_ribbit1

Skill      XL: |  1  2  3  4  5  6  7  8  9 |
---------------+----------------------------+-----
Axes           | 3 5 7 8 11 14 16 | 16.0
Fighting       | 4 |  4.4
Armour         | 4 |  4.1
Shields        | 4 |  4.0
Invocations    | 1 |  1.0
Dodging        | |  0.4

Action                   |  1- 3 |  4- 6 |  7- 9 || total
-------------------------+-------+-------+-------++-------
Melee: War axe           |    52 |   111 |   320 ||   483
       Unarmed           |       |    27 |       ||    27
Throw: Boomerang         |       |     1 |       ||     1
Invok: Convert to Beogh  |       |       |     1 ||     1
  Use: Scroll            |       |       |     4 ||     4
       Potion            |       |       |     1 ||     1
Armor: Scale mail        |    26 |    46 |   112 ||   184
Dodge: Dodged            |    19 |    66 |    86 ||   171
Block: Buckler           |    14 |    27 |    53 ||    94
